 Dungeon Crawl Stone Soup version 0.26.0-15-gc6cd9f700b (webtiles) character file.

Game seed: 7894899434167647530

310 pokeman the Magician (level 6, 0/34 HPs)
             Began as a Deep Elf Hedge Wizard on Jan 15, 2021.
             Engulfed by a cloud of noxious fumes (2 damage)
             ... on level 5 of the Dungeon.
             The game lasted 00:12:17 (5121 turns).

pokeman the Magician (Deep Elf Hedge Wizard)        Turns: 5121, Time: 00:12:17

Health: 0/34       AC:  3    Str:  7    XL:     6   Next: 17%
Magic:  9/17       EV: 12    Int: 21    God:
Gold:   187        SH:  0    Dex: 14    Spells: 7/18 levels left

rFire    . . .     SeeInvis .   e - +0 dagger (curse)
rCold    . . .     Faith    .   (no shield)
rNeg     . . .     Spirit   .   v - +0 leather armour
rPois    .         Reflect  .   c - +0 hat
rElec    .         Harm     .   (no cloak)
rCorr    +         Rampage  .   (no gloves)
Will     .....                  (no boots)
Stlth    ++........             (no amulet)
HPRegen  0.11/turn              h - +4 ring of slaying
MPRegen  0.15/turn              z - ring of resist corrosion

@: no status effects
A: no striking features
a: no special abilities


You were on level 5 of the Dungeon.
You visited 1 branch of the dungeon, and saw 5 of its levels.

You collected 275 gold pieces.
You spent 88 gold pieces at shops.

Inventory:

Hand Weapons
 e - a cursed +0 dagger (weapon)
 o - a +1 trident of venom
Missiles
 q - 66 arrows
 r - 8 bolts
Armour
 c - a +0 hat (worn)
 v - a +0 leather armour (worn)
Jewellery
 h - a +4 ring of slaying (left hand)
 z - a ring of resist corrosion (right hand)
Wands
 x - a wand of polymorph (6)
Scrolls
 d - 8 scrolls of identify
 g - 5 scrolls of teleportation
 i - a scroll of enchant armour {unknown}
 p - 4 scrolls of remove curse {unknown}
 s - a scroll of blinking {unknown}
 t - 2 scrolls of magic mapping {unknown}
 w - 2 scrolls of immolation {unknown}
 y - 4 scrolls of fear {unknown}
Potions
 a - a potion of lignification {unknown}
 b - 2 potions of mutation {unknown}
 f - a potion of ambrosia {unknown}
 j - 2 potions of resistance {unknown}
 k - 2 potions of flight {unknown}
 l - 2 potions of heal wounds {unknown}
 m - a potion of magic {unknown}
 n - 2 potions of attraction
 u - 2 potions of invisibility {unknown}


   Skills:
 - Level 1.0 Fighting
 - Level 1.1 Armour
 - Level 3.2 Dodging
 + Level 2.7 Stealth
 * Level 6.8 Spellcasting
 + Level 3.2 Conjurations
 - Level 1.1 Summonings
 - Level 1.1 Translocations
 - Level 1.0 Fire Magic
 - Level 1.0 Air Magic
 + Level 0.7 Poison Magic


You had 7 spell levels left.
You knew the following spells:

 Your Spells              Type           Power        Failure   Level
a - Magic Dart            Conj           80%          3%          1
b - Mephitic Cloud        Conj/Pois/Air  14%          21%         3
c - Call Imp              Summ           11%          13%         2
d - Blink                 Tloc           N/A          13%         2
e - Conjure Flame         Conj/Fire      16%          16%         3

Your spell library contained the following spells:

 Spells                   Type           Power        Failure   Level
 Slow                     Hex            7%           21%         2


Dungeon Overview and Level Annotations

Branches:
Dungeon (5/15)
 Temple: D:4-7

Altars:
Cheibriados
Elyvilon
Okawaru
Qazlal
Xom

Shops:
D:4 *


Message History

The centaur hits you.
* * * LOW HITPOINT WARNING * * *
You hit the centaur.
The centaur is heavily wounded.
The centaur seems less confused.
The centaur hits you.
* * * LOW HITPOINT WARNING * * *
The centaur closely misses you.
Casting: Magic Dart (safe; 3% risk of failure)
Confirm with . or Enter, or press ? or * to list all spells.
The spell is quite dangerous to cast (21% risk of failure)!
Continue anyway?
Aiming: Mephitic Cloud (quite dangerous; 21% risk of failure)
Press: ? - help, Shift-Dir - straight line, f - centaur
Aim: a centaur, quivering 13 arrows (heavily wounded) That beam is likely to hit you.
Continue anyway?
The ball explodes into a vile cloud!
The stinking cloud engulfs the centaur but does no damage.
The centaur is heavily wounded.
The stinking cloud engulfs you but does no damage.
You are engulfed in noxious fumes.
You die...

.....................
.....................
.........<†..........
.............#'###...
.#####.......+...#
#..(#.......#...#
+...#########...#
#...'...........#
#.☼@##.....######
#○c.##.....##
#☼○.#.......#
+...######### #...#
#...# #.... #...#


You could see a centaur.

Vanquished Creatures
  3 hounds
  An iguana (D:4)
  Terence (D:2)
  6 adders
  An ooze (D:4)
  An adder skeleton (D:4)
  6 worms
  3 dart slugs
  5 leopard geckos
  An orc (D:3)
  7 giant cockroaches
  5 goblins
  7 hobgoblins
  3 jackals (D:4)
  A quokka (D:2)
  10 bats
  4 frilled lizards
  A jackal skeleton (D:4)
  5 kobolds
  12 rats
83 creatures vanquished.

Vanquished Creatures (collateral kills)
  An adder (D:2)
  A rat (D:2)
2 creatures vanquished.

Grand Total: 85 creatures vanquished

Notes
Turn   | Place    | Note
-------+----------+-------------------------------------------
     0 | D:1      | pokeman the Deep Elf Hedge Wizard began the quest for the
                  | Orb.
     0 | D:1      | Reached XP level 1. HP: 10/10 MP: 7/7
   458 | D:1      | Reached XP level 2. HP: 16/16 MP: 7/9
  1326 | D:2      | Reached skill level 5 in Spellcasting
  1427 | D:2      | Reached XP level 3. HP: 20/20 MP: 8/11
  1431 | D:2      | Learned a level 3 spell: Mephitic Cloud
  1434 | D:2      | Learned a level 2 spell: Call Imp
  1437 | D:2      | Learned a level 2 spell: Blink
  1441 | D:2      | Learned a level 3 spell: Conjure Flame
  1586 | D:2      | Found a snail-covered altar of Cheibriados.
  1655 | D:2      | Found a faded altar of an unknown god.
  1709 | D:2      | Noticed Terence
  1742 | D:2      | Killed Terence
  1743 | D:2      | Reached skill level 1 in Fighting
  1743 | D:2      | Reached skill level 1 in Armour
  1747 | D:2      | Reached XP level 4. HP: 22/25 MP: 0/13
  2119 | D:2      | Found a shimmering altar of Xom.
  2599 | D:3      | Found a stormy altar of Qazlal.
  2937 | D:3      | Reached skill level 1 in Fire Magic
  3124 | D:3      | Reached skill level 6 in Spellcasting
  3124 | D:3      | Reached XP level 5. HP: 21/29 MP: 0/15
  3993 | D:4      | Found an iron altar of Okawaru.
  4130 | D:4      | Reached skill level 1 in Air Magic
  4286 | D:4      | Found a white marble altar of Elyvilon.
  4819 | D:4      | Found Owolops's General Store.
  4822 | D:4      | Bought a scroll of teleportation for 33 gold pieces
  4822 | D:4      | Bought a scroll of identify for 22 gold pieces
  4822 | D:4      | Bought a potion of attraction for 33 gold pieces
  4920 | D:5      | Entered Level 5 of the Dungeon
  4926 | D:5      | Reached XP level 6. HP: 32/34 MP: 11/17
  5121 | D:5      | Engulfed by a cloud of noxious fumes

Illustrated notes

Levels and vault maps discovered:
D:1:      minmay_arrival_stair_chambers, layout_basic, kennysheep_boxes
D:2:      layout_rooms, lemuel_crystal_altar, kennysheep_slug_shrine,
          chequers_ecumenical_altar_lobes, uniq_terence
D:3:      layout_loops_ring, nicolae_qazlal_eye_of_the_storm,
          gup_sewer_entry_spiral, minmay_between
D:4:      layout_loops_ring, kennysheep_mini_moat, elyvilon_altar_5,
          serial_shops, kennysheep_mini
D:5:      layout_gridville, minmay_temple_entry_fiery, nrook_loot_triangle,
          dk_vineyard_3

Skill      XL: |  1  2  3  4  5 |
---------------+----------------+-----
Spellcasting   | 5 6 |  6.8
Fighting       | 1 |  1.0
Armour         | 1 |  1.1
Conjurations   | 2 3 |  3.2
Fire Magic     | 1 |  1.0
Dodging        | 3 |  3.2
Air Magic      | 1 |  1.0
Stealth        | |  2.7
Summonings     | |  1.1
Translocations | |  1.1
Poison Magic   | |  0.7

Action                   |  1- 3 |  4- 6 || total
-------------------------+-------+-------++-------
Melee: Dagger            |    11 |    28 ||    39
 Cast: Magic Dart        |    73 |   165 ||   238
       Call Imp          |     1 |     1 ||     2
       Mephitic Cloud    |     1 |     2 ||     3
       Conjure Flame     |     1 |       ||     1
       Blink             |       |     1 ||     1
 Stab: Confused          |       |     1 ||     1
Armor: Robe              |     3 |     2 ||     5
       Leather armour    |       |    14 ||    14
Dodge: Dodged            |     9 |    44 ||    53
